 Dungeon Crawl Stone Soup version 0.31-a0-278-g485e682e34 (webtiles) character file.

Game seed: 14724607789838554828

562 AdnanSaban the Cudgeller (level 7, -4/44 HPs)
             Began as a Gargoyle Fighter on July 16, 2023.
             Was an Initiate of Trog.
             Slain by Duvessa
             ... wielding a +0 short sword
              (14 damage)
             ... on level 4 of the Dungeon.
             The game lasted 00:06:48 (3498 turns).

AdnanSaban the Cudgeller (Gargoyle Fighter)         Turns: 3498, Time: 00:06:48

Health: -4/44      AC: 24    Str: 21    XL:     7   Next: 31%
Magic:  7/7        EV:  9    Int:  9    God:    Trog [......]
Gold:   112        SH:  4    Dex:  9    Spells: 6/6 levels left

rFire   . . .        q - +1 hammer (protect)
rCold   . . .        c - +0 buckler
rNeg    + . .        b - +0 scale mail
rPois   ∞            (no helmet)
rElec   +            r - +0 cloak
rCorr   .            o - +2 pair of gloves
SInv    .            v - +0 pair of boots
Will    .....        (no amulet) Stlth
                     (no ring)
HPRegen 0.27/turn    (no ring)
MPRegen 0.10/turn

%: no passive effects
@: under a protective aura
A: sickness immunity, AC +4, negative energy resistance 1, electricity
resistance, torment resistance 1, petrification resistance
a: Renounce Religion


You were on level 4 of the Dungeon.
You worshipped Trog.
Trog was noncommittal.
You visited 2 branches of the dungeon, and saw 5 of its levels.

You collected 136 gold pieces.
You spent 24 gold pieces at shops.

Inventory:

Hand Weapons
 a - a +0 flail
 q - a +1 hammer of protection (weapon)
 y - a +0 vampiric whip
Armour
 b - a +0 scale mail (worn)
 c - a +0 buckler (worn)
 o - a +2 pair of gloves (worn)
 r - a +0 cloak (worn)
 v - a +0 pair of boots (worn)
Jewellery
 p - a +6 ring of intelligence
 w - a ring of ice
Wands
 u - a wand of flame (22)
Scrolls
 e - 5 scrolls of identify
 h - 2 scrolls of fear {unknown}
 k - a scroll of teleportation {unknown}
 n - 3 scrolls of enchant armour {unknown}
 s - 2 scrolls of amnesia {unknown}
 t - a scroll of immolation {unknown}
 x - 3 scrolls of poison {unknown}
Potions
 d - 2 potions of might
 f - a potion of resistance {unknown}
 g - 4 potions of mutation {unknown}
 i - 2 potions of berserk rage {unknown}
 j - 2 potions of enlightenment {unknown}
 l - 5 potions of curing {unknown}
 m - a potion of ambrosia {unknown}
 z - a potion of cancellation {unknown}


   Skills:
 + Level 4.7 Fighting
 + Level 5.5 Maces & Flails
 + Level 5.2 Armour
 + Level 4.3 Shields


You had 6 spell levels left.
You didn't know any spells.
Your spell library contained the following spells:

 Spells                   Type           Power      Damage    Failure   Level
 Apportation              Tloc           0%         N/A       78%         1
 Necrotise                Necr           0%         1d4       78%         1
 Summon Small Mammal      Summ           0%         N/A       78%         1
 Dazzling Flash           Conj/Hex       0%         N/A       98%         3
 Volatile Blastmotes      Fire/Tloc      0%         2d10      98%         3
 Starburst                Conj/Fire      0%         6d3       100%        6
 Maxwell's Capacitive Co  Air            0%         ∞         100%        8


Dungeon Overview and Level Annotations

Branches:
Dungeon (4/15)             Temple (1/1) D:4

Altars:
Ashenzari
Dithmenos
Gozag
Kikubaaqudgha
Makhleb
Nemelex Xobeh
Qazlal
Ru
Sif Muna
Trog
Uskayaw
Vehumet
Wu Jian
The Shining One

Shops:
D:4 [?

Annotations:
D:4 Duvessa


Innate Abilities, Weirdness & Mutations

You are immune to sickness and miasma.
Your stone body is resilient. (AC +4)
You are immune to poison.
You resist negative energy. (rN+)
You are resistant to electric shocks. (rElec)
You are resistant to unholy torment.
You are immune to petrification.


Message History

Dowan is severely wounded.
Duvessa zaps a wand.
The puff of flame hits you but does no damage.
Dowan hits you with a +0 dagger.
You barely miss Dowan.
Dowan is severely wounded.
Duvessa hits you but does no damage. Dowan hits you but does no damage.
Dowan points at you and mumbles some strange words.
The puff of flame hits you but does no damage.
Duvessa hits you with a +0 short sword.
You hit Dowan.
Dowan is severely wounded.
Duvessa hits you but does no damage. You block Dowan's attack.
You hit Dowan but do no damage.
Dowan is severely wounded.
Duvessa zaps a wand.
The puff of flame hits you but does no damage.
You block Dowan's attack.
You hit Dowan.
Dowan is almost dead.
Duvessa hits you but does no damage. Dowan barely misses you.
You hit Dowan.
You kill Dowan!
Trog accepts your kill.
Trog appreciates your killing of a magic user.
Duvessa screams, "No!
How DARE you!"
Duvessa goes berserk!
Duvessa hits you with a +0 short sword! Duvessa hits you with a +0 short sword.
You barely miss Duvessa. Duvessa barely misses you. Duvessa closely misses you.
You completely miss Duvessa. Duvessa hits you with a +0 short sword!
* * * LOW HITPOINT WARNING * * *
You barely miss Duvessa. You block Duvessa's attack.
Duvessa hits you but does no damage.
You hit Duvessa.
Duvessa is lightly wounded.
Duvessa barely misses you. Duvessa misses you.
You sock Duvessa!
Duvessa is lightly wounded.
You block Duvessa's attack. Duvessa hits you with a +0 short sword!
You die...

#......>.............≈≈≈≈≈≈≈.≈≈≈≈
##....................≈≈≈≈≈≈.≈≈≈≈
###.....................≈≈≈≈.≈≈≈≈
###.......................≈≈.≈≈..
.###.............................
.# ##..................#####..###
.# #..................# ##.## .#
##........##'#####.# ##..### .#
##.......#.@.# #.###.....## .##
##......#.e)+ #.#........# ..##
#......#...# #........... ...#
##.....#...+ #........... ..##
#####.#⌠8⌠# #........... ..#
#.########....>...... ..#
#.................... ..#
#######.....>........ #.##
######.........


You could see Duvessa (berserk).

Vanquished Creatures
  Sigmund (D:2)
  An orc warrior (D:4)
  Dowan (D:4)
  Jessica (D:3)
  Crazy Yiuf (D:2)
  Terence (D:2)
  2 orc wizards (D:4)
  Natasha (D:2)
  An iguana (D:3)
  3 adders
  2 worms
  2 dart slugs (D:1)
  An orc (D:3)
  3 ball pythons
  6 bats
  8 endoplasms
  A giant cockroach (D:3)
  7 goblins
  5 hobgoblins
  6 kobolds
  2 quokkas (D:1)
  2 frilled lizards (D:3)
  4 rats
62 creatures vanquished.

Notes
Turn   | Place    | Note
-------+----------+-------------------------------------------
     0 | D:1      | AdnanSaban the Gargoyle Fighter began the quest for the
                  | Orb.
     0 | D:1      | Reached XP level 1. HP: 14/14 MP: 1/1
   177 | D:1      | Reached XP level 2. HP: 19/19 MP: 2/2
   818 | D:2      | Reached XP level 3. HP: 23/23 MP: 3/3
   823 | D:2      | Noticed Terence
   831 | D:2      | Killed Terence
   941 | D:2      | Noticed Sigmund
   954 | D:2      | Killed Sigmund
   955 | D:2      | Reached XP level 4. HP: 29/29 MP: 4/4
   955 | D:2      | Reached XP level 5. HP: 33/33 MP: 5/5
  1061 | D:2      | Identified the +1 leather armour of Inaction {rPois}
  1411 | D:2      | Noticed Natasha
  1411 | D:2      | You fall into a shaft and drop 1 floor!
  1514 | D:2      | Killed Natasha
  1515 | D:2      | Reached XP level 6. HP: 21/38 MP: 6/6
  1684 | D:2      | Found a runed translucent door.
  1685 | D:2      | Noticed Crazy Yiuf
  1693 | D:2      | Killed Crazy Yiuf
  1832 | D:3      | Found an opulent altar of Gozag.
  2175 | D:3      | Noticed Jessica
  2183 | D:3      | Killed Jessica
  2491 | D:3      | Identified the +5 hand axe of Drought {freeze, Str+8
                  | Stlth-}
  2898 | D:4      | Noticed an orc warrior
  2941 | D:4      | Killed an orc warrior
  2942 | D:4      | Reached skill level 5 in Maces & Flails
  2942 | D:4      | Reached skill level 5 in Armour
  2942 | D:4      | Reached XP level 7. HP: 9/44 MP: 7/7
  3094 | D:4      | Found a sparkling altar of Nemelex Xobeh.
  3115 | D:4      | Found a staircase to the Ecumenical Temple.
  3155 | Temple   | Entered the Ecumenical Temple
  3216 | Temple   | Became a worshipper of Trog the Wrathful
  3244 | D:4      | Found Cuhuggosk's Armour Shop.
  3412 | D:4      | Found Miac's Magic Scroll Shop.
  3423 | D:4      | Bought a scroll of identify for 24 gold pieces
  3477 | D:4      | Noticed Duvessa
  3477 | D:4      | Noticed Dowan
  3493 | D:4      | Killed Dowan
  3498 | D:4      | Slain by Duvessa

Illustrated notes

Levels and vault maps discovered:
D:1:      grunt_arrival_lava_bath, layout_basic
D:2:      layout_basic, uniq_sigmund, uniq_crazy_yiuf_cottage, uniq_terence,
          uniq_natasha
D:3:      layout_loops_corners, nicolae_gozag_seed_capital,
          minmay_three_crescents, uniq_jessica
D:4:      dreamdust_elfheim, layout_cave_pods, old_standard_altar,
          temple_pool_b, serial_shops,
          nicolae_shop_temple_entry_statues_fountains, shop,
          nicolae_shop_tiny_waterfront, shop, abandoned_shop
Temple:   nicolae_temple_x_marks_the_god

Skill      XL: |  1  2  3  4  5  6 |
---------------+-------------------+-----
Fighting       | 4 |  4.7
Maces & Flails | 4 5 |  5.5
Armour         | 4 5 |  5.2
Shields        | 4 |  4.3

Action                     |  1- 3 |  4- 6 |  7- 9 || total
---------------------------+-------+-------+-------++-------
  Melee: Flail             |    47 |       |       ||    47
         Mace              |    22 |   143 |    42 ||   207
 Armour: Scale mail        |    39 |    68 |    33 ||   140
  Dodge: Dodged            |    31 |    64 |    15 ||   110
  Block: Buckler           |     9 |    28 |     8 ||    45

Table legend: (Time is in decaauts)
 A = Elapsed time spent in this place.
 B = Non-inter-level travel time spent in this place.
 C = Inter-level travel time spent in this place.
 D = Time resting spent in this place.
 E = Time spent auto-exploring this place.
 F = Levels seen in this place.
 G = Mean time per level.
                   A        B        C        D        E       F      G
               +--------+--------+--------+--------+--------+-----+--------+
         Total |   3551 |   3423 |    128 |      0 |   2797 |   5 |  710.2 |
       Dungeon |   3485 |   3369 |    116 |      0 |   2751 |   4 |  871.2 |
        Temple |     65 |     53 |     12 |      0 |     46 |   1 |   65.0 |
               +--------+--------+--------+--------+--------+-----+--------+

Top non-repeatable levels by time:
     D:2: 1200 daAuts
     D:3: 1020 daAuts
     D:4: 662 daAuts
     D:1: 602 daAuts
  Temple: 65 daAuts
